 Dungeon Crawl Stone Soup version 0.18-a0-1639-g7533f42 (webtiles) character file.

284282 4thArraOfDagon the Executioner (level 21, 0/159 HPs)
             Began as a Human Berserker on Mar 27, 2016.
             Was an Elder of Trog.
             Splashed by an acid blob's acid (3 damage)
             ... created by the Royal Jelly
             ... on level 6 of the Pits of Slime.
             The game lasted 02:37:44 (20971 turns).

4thArraOfDagon the Executioner (Human Berserker)   Turns: 20971, Time: 02:37:44

Health: 0/159      AC: 15    Str: 25    XL:     21   Next: 45%
Magic:  6/22       EV: 23    Int: 13    God:    Trog [****..]
Gold:   630        SH: 19    Dex: 16    Spells: 0 memorised, 20 levels left

rFire  + + .     SeeInvis +     f - +8 broad axe
rCold  + + .     Gourm    .     n - +1 ice dragon armour
rNeg   . . .     Faith    .     A - +2 shield of Resistance {rF+ rC+ MR+}
rPois  .         Spirit   .     Z - +2 hat {SInv}
rElec  .         Dismiss  .     M - +2 cloak
rCorr  +         Reflect  +     d - +2 pair of gloves {Str+3}
SustAt .         Harm     .     P - +0 pair of boots of the First Beggars {Int+3}
MR     +++..     Rnd*Rage +     F - amulet "Uboarph" {Reflect rF++ rC- SH+4}
Stlth  ..........               Q - ring of resist corrosion
                                l - ring of Shaolin {EV+8}

@: corroded, very slightly contaminated, extremely resistant to hostile
enchantments, extremely unstealthy
A: agile 1, berserk 1, blurry vision 1, deformed body, low mp 1, magic
resistance 1, mutation resistance 1, screaming 1, slow regeneration 1, weak 1
a: Berserk, Trog's Hand, Brothers in Arms, Burn Spellbooks, Renounce Religion
}: 2/15 runes: serpentine, barnacled


You were on level 6 of the Pits of Slime.
You worshipped Trog.
Trog was greatly pleased with you.
You were full.

You visited 7 branches of the dungeon, and saw 42 of its levels.
You also visited: Sewer and Ice Cave.

You collected 3938 gold pieces.
You spent 3308 gold pieces at shops.

Inventory:

Hand Weapons
 f - a +8 broad axe (weapon)
 s - the +4 flail "Beteupo" {freeze, +Blink Int+7}
   (You found it on level 7 of the Dungeon)

   It has been specially enchanted to freeze those struck by it, causing extra
   injury to most foes and up to half again as much damage against particularly
   susceptible opponents.
   It can also slow down cold-blooded creatures.
   It affects your intelligence (+7).
   It lets you blink.
Missiles
 Y - 3 throwing nets (quivered)
Armour
 d - a +2 pair of gloves of strength (worn)
 n - a +1 ice dragon armour (worn)
 A - the +2 shield of Resistance (worn) {rF+ rC+ MR+}
   (You bought it in a shop on level 13 of the Dungeon)

   It protects you from fire.
   It protects you from cold.
   It affects your resistance to hostile enchantments.
 M - a +2 cloak (worn)
 P - the +0 pair of boots of the First Beggars (worn) {Int+3}
   (You found it on level 14 of the Dungeon)

   It affects your intelligence (+3).
 Z - a +2 hat of see invisible (worn)
Rods
 E - a +1 rod of ignition (14/14)
   (You took it off a deep elf sorcerer on level 3 of the Elven Halls)
Jewellery
 l - the ring of Shaolin (left hand) {EV+8}
   (You found it on level 3 of the Elven Halls)

   [ring of evasion]

   It affects your evasion (+8).
 m - an uncursed ring of positive energy
 o - the ring of Fedhas's Envy {rF+ Str+3 Stlth+}
   (You took it off a deep elf annihilator on level 3 of the Elven Halls)

   [ring of strength]

   It affects your strength (+3).
   It protects you from fire.
   It makes you more stealthy.
 C - the ring of Uneinaff {Ice Dex+3}
   (You bought it in a shop on level 2 of the Orcish Mines)

   [ring of ice]

   It enhances your ice magic, and weakens your fire magic.
   It affects your dexterity (+3).
   It makes you vulnerable to fire.
   It protects you from cold.
 F - the amulet "Uboarph" (around neck) {Reflect rF++ rC- SH+4}
   (You bought it in a shop on level 2 of the Orcish Mines)

   [amulet of reflection]

   It shields you and reflects attacks.
   It greatly protects you from fire.
   It makes you vulnerable to cold.
   It affects your SH (+4).
 I - an uncursed ring of poison resistance
 Q - a ring of resist corrosion (right hand)
Wands
 b - a wand of acid (1/15)
 x - a wand of teleportation (0/9)
 D - a wand of digging (3/24)
 K - a wand of heal wounds (1/9)
 O - a wand of disintegration (8/24)
 R - a wand of disintegration (13/24)
Scrolls
 i - 4 scrolls of immolation
 q - 5 scrolls of remove curse
 T - a scroll of fog
Potions
 g - 3 potions of curing
 j - 4 potions of magic
 r - 2 potions of berserk rage
 u - a potion of cancellation
 G - 4 potions of flight
 S - 2 potions of brilliance
 X - a potion of ambrosia
Books
 v - a book of Cantrips

   Spells                             Type                      Level
   a - Corona                         Hexes                        1
   b - Animate Skeleton               Necromancy                   1
   c - Summon Small Mammal            Summoning                    1
   d - Apportation                    Translocation                1
   Trog disapproves of the use of such an item.
 W - a Young Poisoner's Handbook

   Spells                             Type                      Level
   a - Sting                          Conjuration/Poison           1
   b - Cure Poison                    Poison                       2
   c - Mephitic Cloud                 Conjuration/Poison/Air       3
   d - Olgreb's Toxic Radiance        Poison                       4
   e - Venom Bolt                     Conjuration/Poison           5
   Trog disapproves of the use of such an item.
Miscellaneous
 a - a sack of spiders {used: 3}
 e - a plain deck of summoning {Repulsiveness}
 k - an ornate deck of defence {the Potion}
 t - a lamp of fire (inert)
 w - a fan of gales
 z - a plain deck of defence {drawn: 4}
 U - a phial of floods
 V - a disc of storms
Comestibles
 c - a bread ration
 H - 2 meat rations


   Skills:
 + Level 12.3 Fighting
 * Level 22.8 Axes
 + Level 17.0 Armour
 + Level 9.9 Dodging
 + Level 10.2 Shields
 - Level 6.0 Evocations


You had 20 spell levels left.
You didn't know any spells.

Dungeon Overview and Level Annotations

Branches:
Dungeon (15/15)            Temple (0/1) D:5            Lair (8/8) D:10
 Shoals (4/4) Lair:6        Snake (4/4) Lair:3        Slime (6/6) Lair:8
    Orc (2/2) D:10            Elf (3/3) Orc:2        Vaults (0/5) D:14
 Depths (0/5) D:15

Altars:
Elyvilon
Kikubaaqudgha
Nemelex Xobeh
Pakellas
Beogh
Jiyva

Shops:
D:8 ?   D:13 [   Orc:2 ?*=*(   Elf:2 [   Shoals:1 (

Annotations:
D:11 exclusion: downstairs
D:12 exclusion: upstairs
Lair:1 exclusion: oklob plant
Shoals:3 Ilsuiw, Louise
Slime:6 Royal Jelly; xeno23's ghost, veteran HaWr
Orc:2 exclusion: oklob plant


Innate Abilities, Weirdness & Mutations

You are agile. (Dex +2)
You tend to lose your temper in combat.
Scrolls take you a little longer to read.
Armour fits poorly on your strangely shaped body.
Your magical capacity is low (-10% MP).
You are resistant to hostile enchantments.
You are somewhat resistant to further mutation.
You occasionally shout uncontrollably at your foes.
You regenerate slowly when monsters are visible.
You are weak. (Str -2)


Message History

Unknown command.
Your polar bear goes berserk!
You feel somewhat less full.
Your skin stops crawling.
You feel less resistant to hostile enchantments.
You are no longer corroded.
The acid blob spits acid at you. The splash of acid hits you!
The acid corrodes you!
The acid burns!
You resist.
* * * LOW HITPOINT WARNING * * *
Your ogre hits the acid blob with a giant club!!!
Your ogre is burned by acid!
The acid blob spits acid at you. The splash of acid hits you! You resist.
* * * LOW HITPOINT WARNING * * *
The acid corrodes you!
The acid burns!
You resist.
* * * LOW HITPOINT WARNING * * *
The acid blob hits you!!
* * * LOW HITPOINT WARNING * * *
You are splashed with acid!
The acid burns!
You resist.
You die...

............... ..
...................
..
........J..........
..
...................
..
...................
..
...................
..
...................
..
.........O...h.....
..
.......JJJJ@.......
..
.....#.JJ####......
.. ... ###.# .....
.. . #..# .... ..
#J## ... .. #..# ..
.. ##J# . .. #..#
.. #ยง##


You could see 6 acid blobs, a large slime creature, a friendly polar bear
(berserk) and a friendly ogre (berserk).

Vanquished Creatures
  Jorgrun (Snake:4)
  2 deep elf blademasters (Elf:3)
  16 acid blobs
  Kirke (Snake:4)
  2 greater nagas (Snake:4)
  Agnes (Elf:3)
  12 azure jellies
  Maud (Lair:4)
  The ghost of Galewind the Devastator, an adept DECj of Vehumet (Snake:2)
  5 deep elf sorcerers (Elf:3)
  3 deep elf elementalists (Elf:3)
  A stone giant (D:11)
  6 deep elf demonologists
  A merfolk javelineer (Shoals:2)
  Snorg (Lair:6)
  8 deep elf annihilators (Elf:3)
  A vault guard (D:14)
  4 death oozes
  3 merfolk impalers (Shoals:4)
  The ghost of namelastname112 the Grappler, a journeyman DrMo of Ru (D:12)
  3 deep elf high priests
  An ogre mage (D:15)
  A great orb of eyes (Slime:4)
  3 deep elf death magi (Elf:3)
  A yaktaur captain (D:11)
  2 ice dragons (D:15)
  The ghost of namelastname112 the Grappler, a journeyman DrMo of Ru (D:12)
  A rakshasa (D:11)
  6 naga warriors
  A catoblepas (Lair:4)
  6 anacondas
  2 hydras
  The ghost of syage the Fighter, a novice NaFi of Okawaru (D:10)
  A centaur warrior (D:13)
  A merfolk aquamancer (Shoals:4)
  5 dancing weapons
  A tengu warrior (D:15)
  3 orc high priests (Orc:2)
  10 deep elf knights
  Urug (Lair:4)
  3 shock serpents (Snake:4)
  9 naga sharpshooters
  3 unseen horrors
  A salamander mystic (Snake:4)
  15 sea snakes
  A wizard (D:15)
  8 deep elf archers
  8 harpies
  3 hill giants
  A harpy (shapeshifter) (D:14)
  6 fauns
  4 mana vipers
  7 griffons
  3 orc knights (Orc:2)
  A cyclops (D:15)
  10 manticores
  28 deep elf magi
  4 orc sorcerers (Orc:2)
  6 shining eyes
  19 ugly things
  An oklob plant (Lair:8)
  2 wolf spiders (Lair:8)
  7 centaur zombies
  A hornet (Lair:8)
  5 salamanders (Snake:4)
  16 elephants
  35 black mambas
  2 eyes of devastation (Slime:3)
  3 ice statues
  6 sirens
  9 naga magi
  Maurice (D:11)
  8 guardian serpents
  3 water nymphs
  16 spiny frogs
  3 centaur skeletons
  10 komodo dragons
  A redback zombie (D:13)
  8 ice devils (IceCv)
  2 tengu conjurers (D:14)
  3 trolls
  10 merfolk
  3 wind drakes
  A jumping spider (shapeshifter) (D:15)
  86 slime creatures
  6 two-headed ogres
  10 blink frogs
  A boulder beetle (Lair:8)
  A centaur simulacrum (D:14)
  10 wyverns
  3 water elementals
  3 hogs (Snake:4)
  37 yaks
  4 basilisks
  A hungry ghost (D:15)
  9 golden eyes
  9 hippogriffs
  2 mottled dragons
  9 vampire mosquitoes
  45 nagas
  33 water moccasins
  10 porcupines
  19 orc warriors
  A sky beast (D:8)
  4 ice beasts
  4 wasps
  8 eyes of draining
  2 black bears
  A necrophage (D:8)
  5 wolves (Lair:2)
  8 ogres
  2 centaurs
  11 crocodiles
  2 big kobolds (D:10)
  19 giant frogs
  2 earth elementals
  4 wyvern zombies
  2 scorpions
  19 killer bees
  3 wights (D:13)
  2 crimson imps
  A quasit (D:12)
  2 giant frog zombies
  6 hounds
  16 jellies
  14 orc priests
  Jessica (D:2)
  12 iguanas
  8 orc wizards
  4 worker ants
  38 sheep
  A hound skeleton (D:10)
  Robin (D:3)
  A howler monkey skeleton (D:11)
  15 adders
  2 gnolls (D:6)
  39 river rats
  A shadow imp (D:10)
  19 white imps
  9 ufetubi (IceCv)
  8 oozes
  5 dart slugs
  10 giant geckos
  49 orcs
  9 bats
  15 giant cockroaches
  16 goblins
  5 hobgoblins
  4 jackals
  11 kobolds
  7 quokkas
  9 ball pythons (Sewer)
  A giant cockroach zombie (D:6)
  7 giant newts
  A jackal zombie (D:8)
  A quokka skeleton (D:7)
  7 rats
  14 fungi
  6 plants
1190 creatures vanquished.

Vanquished Creatures (collateral kills)
  2 acid blobs (Slime:6)
  The ghost of namelastname112 the Brawler, a journeyman DrMo of Ru (D:15)
  A hydra (D:15)
  A dancing weapon (Elf:3)
  A shock serpent (Snake:4)
  A hill giant (D:14)
  An orc knight (Orc:2)
  A cyclops (Orc:1)
  A deep elf mage (Elf:3)
  An orc sorcerer (Orc:2)
  2 shining eyes
  A centaur zombie (D:14)
  A spiny frog (Lair:8)
  A merfolk (Shoals:3)
  A slime creature (Slime:6)
  A hippogriff (D:12)
  A naga (Snake:4)
  2 orc warriors
  An ogre (Orc:1)
  2 orc priests (Orc:1)
  3 orc wizards (Orc:1)
  2 jellies (Slime:6)
  An iguana (Lair:6)
  9 orcs (Orc:1)
39 creatures vanquished.

Vanquished Creatures (others)
  2 deep elf master archers (Elf:3)
  A deep elf elementalist (Elf:3)
  A merfolk javelineer (Shoals:4)
  A deep elf high priest (Elf:3)
  A dancing weapon (Elf:3)
  2 naga sharpshooters
  A deep elf knight (Elf:3)
  A deep elf archer (Elf:2)
  A cyclops (Shoals:2)
  A merfolk (Shoals:2)
  A human (Snake:4)
  An ogre (Orc:1)
  A white imp (IceCv)
  2 fungi
  10 plants
27 creatures vanquished.

Grand Total: 1256 creatures vanquished

Notes
Turn   | Place    | Note
--------------------------------------------------------------
     0 | D:1      | 4thArraOfDagon the Human Berserker began the quest for the Orb.
     0 | D:1      | Reached XP level 1. HP: 18/18 MP: 1/1
    66 | D:1      | Reached XP level 2. HP: 21/24 MP: 2/2
   161 | D:1      | Reached XP level 3. HP: 9/29 MP: 3/3
   277 | D:2      | Reached ** piety under Trog
   485 | D:2      | Reached XP level 4. HP: 9/36 MP: 4/4
   517 | D:2      | Noticed Jessica
   527 | D:2      | Killed Jessica
   527 | D:2      | Reached skill level 4 in Axes
   579 | D:3      | Reached XP level 5. HP: 38/42 MP: 5/5
   611 | D:3      | Noticed a black bear
   616 | D:3      | Killed a black bear
   617 | D:3      | Reached XP level 6. HP: 43/48 MP: 6/6
   692 | D:3      | Reached skill level 5 in Axes
   809 | D:3      | Reached *** piety under Trog
   926 | D:3      | Found a glowing drain.
   930 | Sewer    | Entered a sewer
  1151 | Sewer    | Reached **** piety under Trog
  1207 | Sewer    | Reached XP level 7. HP: 55/55 MP: 7/7
  1340 | D:4      | Reached skill level 6 in Axes
  1387 | D:3      | Noticed Robin
  1404 | D:3      | Killed Robin
  1404 | D:3      | Reached skill level 5 in Fighting
  1411 | D:3      | jacquesderrida: daaaaaayne maaaaayne
  1475 | D:4      | Zhokez: hi
  1509 | D:5      | Entered Level 5 of the Dungeon
  1510 | D:5      | 4thArraOfDagon: hi
  1544 | D:5      | Zhokez: any fruit already?
  1575 | D:5      | Found a staircase to the Ecumenical Temple.
  1670 | D:5      | Found an ancient bone altar of Kikubaaqudgha.
  1707 | D:6      | 4thArraOfDagon: yes, here
  1710 | D:6      | Zhokez: good@
  1808 | D:6      | Reached XP level 8. HP: 62/62 MP: 8/8
  1820 | D:6      | Zhokez: but i said trog fruit
  1839 | D:6      | Reached ***** piety under Trog
  1882 | D:6      | Zhokez: under stand?
  1973 | D:7      | Got an ancient flail
  1981 | D:7      | Identified the +4 flail "Beteupo" {freeze, +Blink Int+7} (You found it on level 7 of the Dungeon)
  1989 | D:7      | Reached skill level 5 in Armour
  2029 | D:7      | Reached skill level 7 in Axes
  2139 | D:8      | Found Qory's Gadget Shoppe.
  2183 | D:8      | Found Vauppaon's Magic Scroll Shoppe.
  2192 | D:8      | Zhokez: no
  2192 | D:8      | Bought a scroll of enchant weapon for 82 gold pieces
  2192 | D:8      | Bought a scroll of identify for 22 gold pieces
  2192 | D:8      | Bought a scroll of identify for 22 gold pieces
  2333 | D:10     | Entered Level 10 of the Dungeon
  2370 | D:10     | Reached skill level 8 in Axes
  2370 | D:10     | Reached XP level 9. HP: 60/69 MP: 9/9
  2373 | D:10     | Found a staircase to the Lair.
  2380 | D:10     | Found a staircase to the Orcish Mines.
  2478 | D:10     | Found an oddly glowing altar of Pakellas.
  2497 | D:10     | Noticed syage's ghost (novice NaFi)
  2592 | Orc:1    | Entered Level 1 of the Orcish Mines
  2592 | Orc:1    | Noticed a cyclops
  2635 | Orc:1    | Reached skill level 9 in Axes
  2655 | Orc:1    | Killed a cyclops
  2655 | Orc:1    | Reached XP level 10. HP: 28/79 MP: 10/10
  2914 | Orc:1    | Found a roughly hewn altar of Beogh.
  3005 | Orc:2    | Entered Level 2 of the Orcish Mines
  3014 | Orc:2    | Reached skill level 10 in Axes
  3098 | Orc:2    | Noticed an orc sorcerer
  3123 | Orc:2    | Noticed a sun demon
  3170 | Orc:2    | Killed an orc sorcerer
  3241 | Orc:2    | Found Fyitam's Assorted Antiques.
  3248 | Orc:2    | Bought a purple potion for 32 gold pieces
  3248 | Orc:2    | Bought a scroll labeled QIUMUQ TEC BEA for 36 gold pieces
  3248 | Orc:2    | Bought a scintillating pewter ring for 180 gold pieces
  3248 | Orc:2    | Identified the ring of Uneinaff {Ice Dex+3} (You bought it in a shop on level 2 of the Orcish Mines)
  3373 | Orc:2    | Found a staircase to the Elven Halls.
  3386 | Orc:2    | Noticed an oklob plant
  3473 | Orc:2    | Reached skill level 11 in Axes
  3576 | Orc:2    | Noticed an orc high priest
  3576 | Orc:2    | Noticed an orc high priest
  3610 | Orc:2    | Killed an orc high priest
  3658 | Orc:2    | Noticed an orc sorcerer
  3664 | Orc:2    | Paralysed by an orc sorcerer for 5 turns
  3670 | Orc:2    | Killed an orc sorcerer
  3670 | Orc:2    | Reached XP level 11. HP: 84/84 MP: 11/11
  3745 | Orc:2    | Noticed an orc knight
  3777 | Orc:2    | Killed an orc knight
  3878 | Orc:2    | Reached skill level 12 in Axes
  3892 | Orc:2    | Killed an orc high priest
  3930 | Orc:2    | Noticed an orc knight
  3944 | Orc:2    | Killed an orc knight
  3981 | Orc:2    | Noticed an orc sorcerer
  4012 | Orc:2    | Noticed an orc knight
  4015 | Orc:2    | Noticed a sixfirhy
  4016 | Orc:2    | Killed an orc sorcerer
  4140 | Orc:2    | Noticed an orc sorcerer
  4144 | Orc:2    | Noticed an orc sorcerer
  4149 | Orc:2    | Killed an orc sorcerer
  4149 | Orc:2    | Killed an orc sorcerer
  4197 | Orc:2    | Noticed an orc high priest
  4197 | Orc:2    | Noticed an orc knight
  4231 | Orc:2    | Killed an orc high priest
  4231 | Orc:2    | Reached skill level 13 in Axes
  4248 | Orc:2    | Killed an orc knight
  4310 | Orc:2    | Found Pofu's Antique Weapon Shop.
  4310 | Orc:2    | Found Xyes's Magic Scroll Shop.
  4311 | Orc:2    | Found Batowet's General Store.
  4316 | Orc:2    | Found Emnum's Jewellery Emporium.
  4332 | Orc:2    | Bought a potion of mutation for 30 gold pieces
  4332 | Orc:2    | Bought a scroll of teleportation for 36 gold pieces
  4340 | Orc:2    | Bought the amulet "Uboarph" {Reflect rF++ rC- SH+4} for 595 gold pieces
  4343 | Orc:2    | Bought a scroll of identify for 26 gold pieces
  4343 | Orc:2    | Bought a scroll of magic mapping for 45 gold pieces
  4343 | Orc:2    | Bought a scroll of magic mapping for 45 gold pieces
  4343 | Orc:2    | Bought a scroll of identify for 26 gold pieces
  4343 | Orc:2    | Bought a scroll of identify for 26 gold pieces
  4343 | Orc:2    | Bought a scroll of identify for 26 gold pieces
  4343 | Orc:2    | Bought a scroll of identify for 26 gold pieces
  4371 | Orc:2    | Killed an orc knight
  4487 | D:10     | Reached skill level 10 in Armour
  4743 | D:12     | Noticed namelastname112's ghost (journeyman DrMo)
  4751 | D:12     | Reached XP level 12. HP: 91/91 MP: 12/12
  4821 | D:12     | Noticed namelastname112's ghost (journeyman DrMo)
  4836 | D:12     | Killed namelastname112's ghost
  5028 | D:12     | Reached skill level 14 in Axes
  5202 | D:11     | Noticed a salamander stormcaller
  5221 | D:12     | Noticed a six-headed hydra
  5614 | D:14     | Killed an unseen horror
  5626 | D:14     | Reached skill level 15 in Axes
  5748 | D:15     | Entered Level 15 of the Dungeon
  5765 | D:15     | Noticed a tengu warrior
  5780 | D:15     | Killed a tengu warrior
  5815 | D:15     | Noticed a fire crab
  5852 | D:15     | Reached XP level 13. HP: 80/96 MP: 9/13
  5984 | D:15     | Noticed namelastname112's ghost (journeyman DrMo)
  6021 | D:14     | Got a pair of spiked boots
  6027 | D:14     | Identified the cursed +0 pair of boots of the First Beggars {Int+3} (You found it on level 14 of the Dungeon)
  6110 | D:14     | Found a gate to the Vaults.
  6110 | D:14     | Noticed a vault guard
  6124 | D:14     | Killed a vault guard
  6186 | D:13     | Found Cuosh's Antique Armour Boutique.
  6209 | D:13     | Bought a translucent shield for 247 gold pieces
  6214 | D:13     | Identified the -6 shield "Aresag" {+Fly MR+ MP-9} (You bought it in a shop on level 13 of the Dungeon)
  6247 | D:13     | Noticed an eight-headed hydra
  6489 | D:10     | Killed syage's ghost
  6505 | Lair:1   | Entered Level 1 of the Lair of Beasts
  6516 | Lair:1   | Reached skill level 16 in Axes
  6567 | Lair:1   | Found a frozen archway.
  6595 | IceCv    | Entered an ice cave
  7060 | IceCv    | Got a faintly glowing demon trident
  7064 | IceCv    | Identified the cursed +1 demon trident of Wrongful Imprisonment {pierce, *Contam rElec rPois MR+} (You found it in an ice cave)
  7327 | Lair:1   | magipi: hello
  7654 | Lair:3   | Gained mutation: Potions and wands are less effective at restoring your health. [potion of mutation]
  7654 | Lair:3   | Gained mutation: Your spells are a little harder to cast, but a little more powerful. [potion of mutation]
  7654 | Lair:3   | Gained mutation: You are partially covered in thin metallic scales (AC +2). [potion of mutation]
  7655 | Lair:3   | Lost mutation: Potions and wands are less effective at restoring your health. [potion of mutation]
  7655 | Lair:3   | Gained mutation: Armour fits poorly on your strangely shaped body. [potion of mutation]
  7655 | Lair:3   | Gained mutation: Scrolls take you a little longer to read. [potion of mutation]
  7656 | Lair:3   | Gained mutation: You are covered in fur (AC +1). [potion of beneficial mutation]
  7657 | Lair:3   | Lost mutation: Armour fits poorly on your strangely shaped body. [potion of cure mutation]
  7657 | Lair:3   | Lost mutation: Your spells are a little harder to cast, but a little more powerful. [potion of cure mutation]
  7657 | Lair:3   | Lost mutation: Scrolls take you a little longer to read. [potion of cure mutation]
  7657 | Lair:3   | Lost mutation: You are covered in fur (AC +1). [potion of cure mutation]
  7657 | Lair:3   | Lost mutation: You are partially covered in thin metallic scales (AC +2). [potion of cure mutation]
  7937 | Lair:3   | Zhokez: hello
  7947 | Lair:4   | Noticed Maud
  7985 | Lair:4   | Noticed a catoblepas
  8010 | Lair:4   | Killed a catoblepas
  8027 | Lair:4   | Noticed Urug
  8188 | Lair:4   | 4thArraOfDagon: hello
  8196 | Lair:4   | magipi: ring of rcorr? wtf
  8219 | Lair:4   | Killed Maud
  8219 | Lair:4   | Reached skill level 17 in Axes
  8219 | Lair:4   | Reached XP level 14. HP: 103/103 MP: 14/14
  8294 | Lair:5   | magipi: I'm pretty sure that an elec hand axe is way better than this war axe
  8327 | Lair:5   | Received a gift from Trog
  8944 | Lair:7   | Received a gift from Trog
  9115 | Lair:6   | Noticed Snorg
  9162 | Lair:6   | Killed Snorg
  9162 | Lair:6   | Reached skill level 18 in Axes
  9214 | Lair:8   | Entered Level 8 of the Lair of Beasts
  9655 | Lair:8   | Found a staircase to the Slime Pits.
  9715 | Lair:8   | jacquesderrida: Ayyyy
  9725 | Lair:8   | jacquesderrida: The day's work is done
  9736 | Lair:8   | jacquesderrida: TIME TO GET PAID AND RE LAX
  9767 | Lair:8   | jacquesderrida: Zhak is win
 10059 | Lair:8   | magipi: holy shit
 10061 | Lair:8   | Reached XP level 15. HP: 56/108 MP: 15/15
 10474 | D:11     | Noticed Maurice
 10480 | D:11     | Killed Maurice
 10674 | D:11     | Found a large runed door.
 10675 | D:11     | Found a large runed door.
 10730 | D:11     | Noticed a stone giant
 10784 | D:11     | Found a white marble altar of Elyvilon.
 10787 | D:11     | Found a sparkling altar of Nemelex Xobeh.
 10798 | D:11     | Killed a stone giant
 10798 | D:11     | Reached skill level 19 in Axes
 10895 | D:12     | Killed namelastname112's ghost
 11117 | D:13     | Gained mutation: You are somewhat resistant to further mutation. [mutagenic meat]
 11118 | D:13     | Gained mutation: You are resistant to hostile enchantments. [mutagenic meat]
 11794 | D:14     | Gained mutation: You occasionally shout uncontrollably at your foes. [mutagenic meat]
 11796 | D:14     | Gained mutation: You are covered in fur (AC +1). [mutagenic meat]
 11870 | D:15     | Killed namelastname112's ghost
 12004 | D:15     | Gained mutation: Your magical capacity is low (-10% MP). [potion of mutation]
 12219 | D:15     | Reached skill level 20 in Axes
 12228 | D:15     | Found a staircase to the Depths.
 12396 | Orc:1    | jacquesderrida: Found the ring "Qybb" {Wiz Int+3 Slay+3}.
 12396 | Orc:1    | jacquesderrida: DAN MAN
 12396 | Orc:1    | jacquesderrida: WHAT DO WITH RANG
 12478 | D:13     | Reached XP level 16. HP: 88/115 MP: 14/14
 12498 | D:13     | Bought the +2 shield of Resistance {rF+ rC+ MR+} for 1068 gold pieces
 12610 | Elf:1    | Entered Level 1 of the Elven Halls
 12622 | Elf:1    | magipi: these books are pretty weird to carry
 12822 | Elf:1    | Reached skill level 1 in Shields
 12894 | Elf:2    | Found Fohoix's Armour Emporium.
 13053 | Elf:1    | FREE DRAIN!!!
 13053 | Elf:1    | $$$
 13106 | Elf:2    | Found an ancient bone altar of Kikubaaqudgha.
 13125 | Elf:2    | Reached skill level 15 in Armour
 13190 | Elf:2    | Received a gift from Trog
 13233 | Elf:2    | FUCKUD UP
 13239 | Elf:2    | Noticed Agnes
 13241 | Elf:2    | F UP
 13246 | Elf:3    | Entered Level 3 of the Elven Halls
 13387 | Elf:3    | Killed Agnes
 13823 | Elf:3    | Noticed a deep elf sorcerer
 13823 | Elf:3    | Noticed a deep elf sorcerer
 13828 | Elf:3    | Noticed a deep elf master archer
 13830 | Elf:3    | Reached skill level 1 in Evocations
 13834 | Elf:3    | Killed a deep elf sorcerer
 13836 | Elf:3    | jacquesderrida: Thanks
 13838 | Elf:3    | Killed a deep elf sorcerer
 13838 | Elf:3    | Reached XP level 17. HP: 78/124 MP: 14/16
 13850 | Elf:3    | Killed a deep elf master archer
 13959 | Elf:3    | Noticed a deep elf blademaster
 14091 | Elf:3    | Killed a deep elf blademaster
 14170 | Elf:3    | Reached skill level 5 in Shields
 14172 | Elf:3    | Got a slimy brass amulet
 14173 | Elf:3    | Identified the amulet "Plog" {Faith rF+ rC- Dex+5 Stlth+} (You took it off a deep elf annihilator on level 3 of the Elven Halls)
 14199 | Elf:3    | Reached skill level 5 in Dodging
 14276 | Elf:3    | Noticed a deep elf master archer
 14297 | Elf:3    | Killed a deep elf master archer
 14453 | Elf:3    | Gained mutation: You are agile. (Dex +2) [potion of beneficial mutation]
 14472 | Elf:3    | Got a dazzling chain mail
 14473 | Elf:3    | Identified the cursed +0 chain mail "Vagemos" {*Contam rF- Int+9 Dex+9} (You found it on level 3 of the Elven Halls)
 14498 | Elf:3    | ROFL
 14510 | Elf:3    | Got a glittering amber ring
 14559 | Elf:3    | jacquesderrida: dayne
 14560 | Elf:3    | magipi: ooh
 14560 | Elf:3    | jacquesderrida: dayne mayne
 14567 | Elf:3    | Reached skill level 21 in Axes
 14575 | Elf:3    | Noticed a deep elf blademaster
 14589 | Elf:3    | Killed a deep elf blademaster
 14631 | Elf:3    | Identified the ring of Fedhas's Envy {rF+ Str+3 Stlth+} (You took it off a deep elf annihilator on level 3 of the Elven Halls)
 14702 | Elf:3    | Identified a +1 rod of ignition (14/14) (You took it off a deep elf sorcerer on level 3 of the Elven Halls)
 14753 | Elf:3    | Reached skill level 10 in Fighting
 14753 | Elf:3    | Reached XP level 18. HP: 96/134 MP: 17/19
 14836 | Elf:3    | Identified Sif Muna's Handbook of Confrontation and Ice
 14838 | Elf:3    | Identified Kead's Tome of Dark Execration
 14881 | Elf:3    | magipi: why don't you throw away the crappiest books?
 15141 | Orc:2    | Bought a smelly chain mail for 342 gold pieces
 15141 | Orc:2    | Bought a scroll of enchant weapon for 270 gold pieces
 15141 | Orc:2    | Bought a scroll of magic mapping for 126 gold pieces
 15151 | Orc:2    | Identified the cursed +0 chain mail of the Beggar {+Blink MR+ Dex-5} (You bought it in a shop on level 2 of the Orcish Mines)
 15264 | Lair:1   | Found an oddly glowing altar of Pakellas.
 15808 | Lair:6   | jacquesderrida: hi
 15826 | Lair:6   | 4thArraOfDagon: whe
 15826 | Lair:6   | 4thArraOfDagon: re
 15826 | Lair:6   | jacquesderrida: i here
 15852 | Lair:6   | ithil: hi
 15882 | Lair:6   | Found a staircase to the Shoals.
 15886 | Lair:6   | jacquesderrida: hi
 15903 | Shoals:1 | Entered Level 1 of the Shoals
 15904 | Shoals:1 | 4thArraOfDagon: ty
 15935 | Shoals:1 | Reached skill level 5 in Evocations
 15982 | Shoals:1 | Noticed a kraken
 16047 | Shoals:2 | Reached XP level 19. HP: 97/140 MP: 20/20
 16134 | Shoals:1 | Found Raeso's Weapon Emporium.
 16360 | Shoals:3 | Noticed Louise
 16622 | Shoals:4 | Entered Level 4 of the Shoals
 16854 | Shoals:4 | Got a barnacled rune of Zot
 16942 | Shoals:3 | Noticed Ilsuiw
 17068 | Shoals:2 | Received a gift from Trog
 17237 | Lair:3   | Found a staircase to the Snake Pit.
 17254 | Snake:1  | Entered Level 1 of the Snake Pit
 17629 | Snake:1  | jacquesderrida: hi
 17631 | Snake:1  | jacquesderrida: deng meng
 17640 | Snake:1  | jacquesderrida: snek
 17648 | Snake:1  | Received a gift from Trog
 17702 | Snake:2  | magipi: nice loot
 17853 | Snake:2  | jacquesderrida: thanks
 17905 | Snake:2  | Noticed Galewind's ghost (adept DECj)
 17957 | Snake:4  | Entered Level 4 of the Snake Pit
 17957 | Snake:4  | Noticed Jorgrun
 17971 | Snake:4  | Killed Jorgrun
 18385 | Snake:4  | Reached XP level 20. HP: 150/150 MP: 22/22
 18493 | Snake:4  | Gained mutation: You regenerate slowly when monsters are visible. [potion of mutation]
 18493 | Snake:4  | Gained mutation: You do not regenerate naturally when monsters are visible. [potion of mutation]
 18493 | Snake:4  | Lost mutation: You do not regenerate naturally when monsters are visible. [potion of mutation]
 18605 | Snake:4  | Lost mutation: You are covered in fur (AC +1). [potion of mutation]
 18605 | Snake:4  | Gained mutation: You tend to lose your temper in combat. [potion of mutation]
 18614 | Snake:4  | Noticed Kirke
 18626 | Snake:4  | Reached skill level 22 in Axes
 18636 | Snake:4  | Killed Kirke
 19012 | Snake:4  | Got a serpentine rune of Zot
 19187 | Snake:2  | Killed Galewind's ghost
 19421 | Lair:4   | Killed Urug
 19728 | Slime:1  | Entered Level 1 of the Pits of Slime
 19852 | Slime:1  | Received a gift from Trog
 20122 | Slime:3  | Gained mutation: Armour fits poorly on your strangely shaped body. [a shining eye]
 20126 | Slime:3  | Gained mutation: You are weak. (Str -2) [a shining eye]
 20157 | Slime:2  | HP: 5/152 [disintegration (21)]
 20238 | Slime:3  | Reached XP level 21. HP: 154/158 MP: 22/22
 20408 | Slime:3  | Gained mutation: Scrolls take you a little longer to read. [a shining eye]
 20526 | Slime:6  | Entered Level 6 of the Pits of Slime
 20543 | Slime:6  | no better weapon :(
 20555 | Slime:6  | Noticed xeno23's ghost (veteran HaWr)
 20672 | Slime:4  | Reached skill level 10 in Shields
 20699 | Slime:4  | Received a gift from Trog
 20922 | Slime:6  | Found a viscous altar of Jiyva.
 20925 | Slime:6  | Noticed the Royal Jelly
 20971 | Slime:6  | HP: 3/159 [acid blob[the Royal Jelly] (21)]
 20971 | Slime:6  | Splashed by an acid blob's acid

Vault maps used:
D:1:      minmay_arrival_cross
D:2:      minmay_liquid_box, uniq_jessica
D:3:      kennysheep_six_static_rooms, marbit_many_paths, gup_sewer_entry_bowl,
          grunt_decor_arrowhead, uniq_crazy_yiuf_cottage, uniq_robin
D:4:      first_bread
D:5:      kiku_gazebo_pond_becter, kennysheep_mini, minitemple,
          minmay_temple_entry_large_hall, serial_shops, nicolae_shop_stone
D:6:      minmay_overflow_temple_star_quad
D:7:      basic_altar, serial_glass, glass_columns_b, glass_columns_b
D:8:      serial_shops, shop, shop
D:9:      hangedman_tree_tricks
D:10:     due_lair_maze_entry_diamond, orc_0_dummy, grunt_pakellas_basics
D:11:     minmay_weird_star, jmf_multi_god_temple2, uniq_maurice
D:13:     serial_shops, shop_coins, minivault_16
D:14:     david_vaults_5, roderic_lattice_octagonal_star,
          kennysheep_generic_room_16
D:15:     grunt_enter_depths_hoard, hangedman_decor_peaks_small,
          hangedman_glass_garden
Lair:1:   portal_ice_cave_entry_imps, lemuel_oklob_altar, grunt_megastairs_3
Lair:3:   minmay_snake_entry_guardpost_medium, st_stairs_5, minmay_holes,
          infiniplex_staircase_pool
Lair:4:   lemuel_fruit_fields, uniq_maud, uniq_urug
Lair:5:   beast_lair_carwin_4
Lair:6:   elwin_shoals_entry_stream, grunt_megastairs_5, uniq_snorg
Lair:7:   serial_bayou_shore_b
Lair:8:   hangedman_lair_tendril_chambers, minmay_slime_entry_oklob_open,
          serial_bayou_lake_a
Shoals:1: serial_shops, shop, nicolae_shoals_arrival_archipelago
Shoals:3: uniq_ilsuiw, uniq_louise
Shoals:4: shoals_end_simple, shoals_ilsuiw_alternative
Snake:1:  nicolae_snake_squiggles, hangedman_venom_bottle
Snake:2:  serial_bayou_pond_a, lemuel_fruit_tree
Snake:3:  serial_bayou_shore_b, grunt_megastairs_4
Snake:4:  grunt_snake_rune_pools, uniq_kirke, uniq_jorgrun
Slime:4:  cheibrodos_slime_lost_civilization_1
Orc:1:    basic_altar
Orc:2:    st_orc_elflike, serial_shops, nicolae_shop_overgrown_old_shop,
          mines3_lemuel
Elf:1:    elf_arrival_001, serial_shops, shop, orc_legates, due_unseen_surprise
Elf:2:    serial_shops, shop, hangedman_feature_mirror, uniq_agnes
Elf:3:    grunt_elf_hall_asides
Sewer:    sewer_frog_island_02
IceCv:    ice_cave_small_demon

Skill      XL: |  1  2  3  4  5  6  7  8  9 10 11 12 13 14 15 16 17 18 19 20 21 |
---------------+----------------------------------------------------------------+-----
Axes           | 4 5 6 8 9 11 13 15 17 18 20 21 22 | 22.8
Fighting       | 4 5 6 7 8 10 11 12 | 12.3
Armour         | 3 4 5 6 8 10 11 12 13 14 15 16 17 | 17.0
Shields        | 4 6 8 9 10 | 10.2
Dodging        | 4 6 8 9 |  9.9
Evocations     | 1 4 5 6 |  6.0

Action                   |  1- 3 |  4- 6 |  7- 9 | 10-12 | 13-15 | 16-18 | 19-21 || total
-------------------------+-------+-------+-------+-------+-------+-------+-------++-------
Melee: Hand axe          |    75 |   225 |   209 |    53 |   882 |   737 |  1254 ||  3435
       Flail             |       |       |    40 |   153 |       |       |       ||   193
       Battleaxe         |       |       |       |    49 |   177 |     4 |       ||   230
       Broad axe         |       |       |       |   325 |       |       |    92 ||   417
       War axe           |       |       |       |       |   109 |       |       ||   109
Invok: Berserk           |     5 |     5 |     8 |    26 |    54 |    23 |    34 ||   155
       Trog's Hand       |     1 |     1 |     6 |    26 |    18 |    28 |    31 ||   111
       Brothers in Arms  |       |       |     1 |     6 |     6 |     5 |     8 ||    26
       Burn Spellbooks   |       |       |       |       |     1 |     2 |     1 ||     4
 Abil: Evoke Blink       |       |       |       |       |       |     1 |       ||     1
Evoke: Wand              |       |       |     3 |     4 |     5 |    16 |     8 ||    36
       Fan of gales      |       |       |       |       |       |     1 |     1 ||     2
       Sack of spiders   |       |       |       |       |       |       |     3 ||     3
       Deck              |       |       |       |       |       |       |     4 ||     4
       Phial of floods   |       |       |       |       |       |       |     1 ||     1
       Lamp of fire      |       |       |       |       |       |       |     1 ||     1
  Use: Scroll            |       |     4 |    17 |     6 |    15 |    15 |    30 ||    87
       Potion            |       |       |     4 |     3 |     9 |    15 |     6 ||    37
 Stab: Distracted        |       |       |       |     1 |     1 |     3 |       ||     5
  Eat: Chunk             |     4 |     7 |    12 |    42 |    68 |    30 |    17 ||   180
       Fruit             |       |       |     1 |       |       |     1 |     8 ||    10
       Beef jerky        |       |       |     1 |       |       |     3 |     1 ||     5
       Pizza             |       |       |       |     1 |     3 |     2 |       ||     6
       Meat ration       |       |       |       |       |     3 |       |     2 ||     5
       Bread ration      |       |       |       |       |     2 |     1 |     7 ||    10
       Royal jelly       |       |       |       |       |       |       |     1 ||     1
